 Dungeon Crawl Stone Soup version 0.17.1-2-g5865329 (webtiles) character file.

145 Lonerover the Skirmisher (level 5, -1/50 HPs)
             Began as a Draconian Wanderer on Feb 2, 2016.
             Was a Follower of the Shining One.
             Slain by an orc
             ... wielding a +0 mace
              (7 damage)
             ... on level 3 of the Dungeon.
             The game lasted 00:15:07 (3369 turns).

Lonerover the Skirmisher (Draconian Wanderer)       Turns: 3369, Time: 00:15:07

Health: -1/50      AC:  5    Str: 13 (16) XL:     5   Next: 6%
Magic:  15/15      EV: 11    Int: 10      God:    the Shining One [*.....]
Gold:   256        SH:  0    Dex: 12      Spells: 0 memorised, 4 levels left

rFire  . . .     SeeInvis +     f - +0 hand axe
rCold  . . .     Clarity  .     (armour unavailable)
rNeg   . . .     SustAt   .     (no shield)
rPois  .         Gourm    .     (helmet restricted)
rElec  .         Spirit   .     (no cloak)
rCorr  .         Warding  .     (no gloves)
rMut   .         Stasis   +     (no boots)
MR     .....                    o - amulet of stasis
Stlth  +.........               n - ring of magical power
                                l - ring of see invisible

@: glowing, not resistant to hostile enchantments, very unstealthy
A: unfitting armour, cold-blooded, AC +5
a: Renounce Religion


You were on level 3 of the Dungeon.
You worshipped the Shining One.
The Shining One was aware of your devotion.
You were not hungry.

You visited 1 branch of the dungeon, and saw 4 of its levels.

You collected 256 gold pieces.

Inventory:

Hand Weapons
 a - a +2 hand crossbow
 d - a +0 hand axe
 f - a +0 hand axe (weapon)
Missiles
 b - 74 bolts
Jewellery
 l - a ring of see invisible (left hand)
 n - a ring of magical power (right hand)
 o - an amulet of stasis (around neck)
 s - an uncursed amulet of clarity
Wands
 t - a wand of digging (5)
 u - a wand of magic darts (21)
Scrolls
 i - 5 scrolls of identify
 k - 2 scrolls of remove curse
Potions
 c - a potion of lignification
 m - a potion of flight {unknown}
Comestibles
 e - 5 bread rations
 g - a royal jelly
 h - 2 meat rations
 j - 3 fruits


   Skills:
 + Level 5.8 Fighting
 + Level 3.3 Axes
 - Level 1.7 Crossbows
 + Level 2.1 Invocations
 - Level 2.0 Evocations


You had 4 spell levels left.
You didn't know any spells.

Dungeon Overview and Level Annotations

Branches:
Dungeon (4/15)
 Temple: D:4-7

Altars:
Trog
The Shining One


Innate Abilities, Weirdness & Mutations

Your plain brown scales are hard (AC +5).
Your body does not fit into most forms of armour.
You are cold-blooded and may be slowed by cold attacks.


Message History

The hound bites you.
The gnoll hits you from afar with a spear.
* * * LOW HITPOINT WARNING * * *
The orc wizard casts a spell at you. The magic dart hits you!
The orc wizard gestures wildly while chanting.
The orc wizard seems to speed up.
There is a stone staircase leading up here.
The orc hits you with a mace.
* * * LOW HITPOINT WARNING * * *
The gnoll hits you from afar with a spear.
* * * LOW HITPOINT WARNING * * *
The orc wizard casts a spell.
The orc wizard flickers and vanishes for a moment.
You climb upwards.
There is a stone staircase leading down here.
You hit the orc.
The orc is lightly wounded.
The orc hits you with a mace!
You die...

######..............#..#.#.######
.....####.......###.#..#.#.#
.....####.......<...#..#.#.#
................##.....#.#.######
.........#####.........#.#..)<...
.........##....###.....#.#..#####
.........##....+.#.....#.#..#####
..####.####....#.###...#.........
................@#####'#.........
..#..#...###...o♣.♣#♣.♣.#.######)
....÷............................
..#.##...###....♣.♣.♣.♣.)####....
..#.##.................#........<
#.#.##..#.......♣.♣.♣.♣##########
#.#.##...........................
#.#.##......####♣#♣#♣#♣##########
..#.##................# #.#


You could see an orc.

Vanquished Creatures
  2 adders (D:2)
  5 gnolls
  An ooze (D:2)
  3 worms (D:2)
  5 orcs
  2 ball pythons
  7 bats
  6 hobgoblins
  7 jackals
  4 giant cockroaches
  6 giant newts
  6 goblins
  7 kobolds
  7 rats
  A bush (D:3)
  3 plants (D:3)
72 creatures vanquished.

Notes
Turn   | Place    | Note
--------------------------------------------------------------
     0 | D:1      | Lonerover the Draconian Wanderer began the quest for the Orb.
     0 | D:1      | Lonerover set off with: a +2 hand crossbow, 27 bolts, a potion of lignification, a +0 hand axe, a bread ration
     0 | D:1      | Reached XP level 1. HP: 22/22 MP: 2/2
   171 | D:1      | Reached XP level 2. HP: 26/28 MP: 3/3
   266 | D:1      | Reached skill level 5 in Fighting
   273 | D:1      | Found a glowing golden altar of the Shining One.
   716 | D:1      | Became a worshipper of the Shining One
   762 | D:2      | Reached XP level 3. HP: 7/36 MP: 4/4
  1014 | D:2      | Found a bloodstained altar of Trog.
  1108 | D:2      | Reached skill level 1 in Invocations
  1568 | D:2      | Found a faded altar to an unknown god.
  1737 | D:2      | Reached XP level 4. HP: 42/42 MP: 5/5
  3354 | D:4      | Reached * piety under the Shining One
  3359 | D:4      | Reached XP level 5. HP: 37/50 MP: 6/6
  3369 | D:3      | Slain by an orc

Action                   |  1- 3 |  4- 6 || total
-------------------------+-------+-------++-------
Melee: Hand axe          |   150 |   376 ||   526
  Use: Scroll            |     4 |     1 ||     5
       Potion            |     1 |     3 ||     4
 Stab: Sleeping          |     1 |       ||     1
  Eat: Chunk             |     3 |     4 ||     7
       Meat ration       |       |     1 ||     1
